 Dungeon Crawl Stone Soup version 0.28.0 (webtiles) character file.

Game seed: 5347425478914930237

185 Dorkslayer the Conjurer (level 5, 0/33 HPs)
             Began as an Octopode Conjurer on June 28, 2022.
             Slain by Ijyb (4 damage)
             ... on level 3 of the Dungeon.
             The game lasted 00:07:16 (3263 turns).

Dorkslayer the Conjurer (Octopode Conjurer)         Turns: 3263, Time: 00:07:17

Health: 0/33       AC:  2    Str:  9    XL:     5   Next: 64%
Magic:  6/9        EV: 13    Int: 20    God:
Gold:   85         SH:  0    Dex: 10    Spells: 2/9 levels left

rFire   . . .      SeeInvis .   a - +0 falchion
rCold   . . .      Faith    .   (no shield)
rNeg    . . .      Spirit   .   (helmet restricted)
rPois   .          Reflect  .   (no amulet)
rElec   .          Harm     .   (no ring)
rCorr   .          Rampage  .   (no ring)
Will    .....      Clarity  +   (no ring)
Stlth   +++.......              (no ring)
HPRegen 0.11/turn               (no ring)
MPRegen 0.11/turn               (no ring)
                                (no ring)
                                (no ring)

@: no status effects
A: almost no armour, amphibious, 8 rings, camouflage 1, gelatinous body 1,
(nimble swimmer 1), tentacles, clarity, shaggy fur 1
a: no special abilities


You were on level 3 of the Dungeon.
You visited 1 branch of the dungeon, and saw 3 of its levels.

You collected 85 gold pieces.

Inventory:

Hand Weapons
 a - a +0 falchion (weapon)
Scrolls
 b - a scroll of immolation
Potions
 c - a potion of magic {unknown}
 d - a potion of mutation


   Skills:
 * Level 1.3 Fighting
 - Level 0.2(0.3) Short Blades
 * Level 0.3(0.4) Long Blades
 + Level 2.5 Dodging
 + Level 3.4 Stealth
 * Level 1.7 Unarmed Combat
 * Level 2.9 Spellcasting
 + Level 4.9 Conjurations
 * Level 0.6 Translocations


You had 2 spell levels left.
You knew the following spells:

 Your Spells              Type           Power      Damage    Failure   Level
a - Magic Dart            Conj           88%        1d7       1%          1
b - Searing Ray           Conj           44%        2d6       2%          2
c - Iskenderun's Mystic   Conj/Tloc      14%        2d5       41%         4

Your spell library contained the following spells:

 Spells                   Type           Power      Damage    Failure   Level
 Ensorcelled Hibernation  Hex/Ice        4%         N/A       22%         2
 Dazzling Flash           Conj/Hex       24%        N/A       16%         3
 Spider Form              Tmut/Pois      2%         N/A       41%         3
 Fulminant Prism          Conj/Hex       6%         3d7       45%         4
 Anguish                  Hex/Necr       1%         N/A       82%         4


Dungeon Overview and Level Annotations

Branches:
Dungeon (3/15)

Altars:
Vehumet

Annotations:
D:3 2 transporters, Estrea's ghost, amateur MiGl; Grinder; Ijyb


Innate Abilities, Weirdness & Mutations

You cannot wear most types of armour.
You are amphibious.
You can wear up to eight rings at the same time.
Your skin changes colour to match your surroundings (Stealth+).
Your rubbery body absorbs attacks. (AC +1, EV +1)
((You are camouflaged when in or above water. (Stealth+)))
You have tentacles for arms and can constrict up to eight enemies at once.
You possess an exceptional clarity of mind.
You are covered in fur. (AC +1)


Message History

Aim: Ijyb, wielding a +0 club, wearing a +0 leather armour and carrying a wand of iceblast (5) (moderately wounded, 100% to hit)
The magic dart hits Ijyb but does no damage.
Ijyb is moderately wounded.
Ijyb zaps a wand.
The mass of ice explodes!
The iceblast engulfs you!
You feel much better.
Ijyb zaps a wand.
The mass of ice explodes!
The iceblast engulfs you!
You hear a shout!
You closely miss Ijyb. Your grab misses Ijyb. Your squeeze misses Ijyb.
Ijyb is moderately wounded.
Ijyb barely misses you.
You closely miss Ijyb. Your grab misses Ijyb.
Ijyb is moderately wounded.
Ijyb hits you with a +0 club.
The shadow imp grinds its teeth.
You closely miss Ijyb. Your grab misses Ijyb.
Ijyb is moderately wounded.
Ijyb misses you. Ijyb hits you with a +0 club.
You hit Ijyb. Your grab misses Ijyb.
Ijyb is heavily wounded.
Ijyb hits you with a +0 club.
You hit Ijyb but do no damage. You grab Ijyb.
Ijyb is heavily wounded.
You constrict Ijyb, but do no damage. Ijyb closely misses you.
You hit Ijyb.
Ijyb is heavily wounded.
You constrict Ijyb. Ijyb hits you with a +0 club! Ijyb hits you with a +0 club.
* * * LOW HITPOINT WARNING * * *
You hit Ijyb but do no damage.
Ijyb is heavily wounded.
You constrict Ijyb, but do no damage.
Estrea's ghost whispers, "There is no future for you."
Grinder blinks!
Ijyb completely misses you.
You barely miss Ijyb.
Ijyb is heavily wounded.
You constrict Ijyb, but do no damage. Ijyb hits you with a +0 club.
* * * LOW HITPOINT WARNING * * *
You hit Ijyb.
Ijyb is severely wounded.
You constrict Ijyb.
Grinder blinks!
Ijyb hits you with a +0 club.
You die...

#..©#[...©....#©..##.#.........
#...#$........#........##......
#...#...#.#..5#....>.......[...
#...#8.#...#g8#.5.........)....
#...##.....WS##........#.......
#....#########........)........
###...................÷..#.......
<............).....§.....#.......
.........##.##.g@................
.........##..............#.......
##########..##.#......<..#.......
####.)#.........#.......
..............#.......
######...[.....#.......
#.........##......
##.......####..... ##.....##


You could see Grinder, Ijyb, Estrea's ghost, an adder, a shadow imp and a
hobgoblin.

Vanquished Creatures
  An orc priest (D:3)
  Jessica (D:3)
  Terence (D:3)
  An orc wizard (D:3)
  A gnoll (D:1)
  2 adders
  A worm (D:2)
  A dart slug (D:3)
  An orc (D:2)
  3 ball pythons
  5 bats
  6 endoplasms
  5 goblins
  4 hobgoblins
  3 jackals (D:1)
  4 kobolds
  A frilled lizard (D:1)
  4 rats
45 creatures vanquished.

Vanquished Creatures (collateral kills)
  A goblin (D:3)
1 creature vanquished.

Grand Total: 46 creatures vanquished

Notes
Turn   | Place    | Note
-------+----------+-------------------------------------------
     0 | D:1      | Dorkslayer the Octopode Conjurer began the quest for the
                  | Orb.
     0 | D:1      | Reached XP level 1. HP: 11/11 MP: 3/3
   189 | D:1      | Reached XP level 2. HP: 18/18 MP: 3/5
   377 | D:1      | Reached XP level 3. HP: 22/22 MP: 1/6
   612 | D:1      | Found a faded altar of an unknown god.
  1391 | D:2      | Found a radiant altar of Vehumet.
  1488 | D:2      | Reached skill level 1 in Unarmed Combat
  1868 | D:2      | Reached XP level 4. HP: 27/27 MP: 2/7
  2081 | D:3      | Learned a level 2 spell: Searing Ray
  2086 | D:3      | Learned a level 4 spell: Iskenderun's Mystic Blast
  2117 | D:3      | Noticed Ijyb
  2122 | D:3      | Noticed Grinder
  2365 | D:3      | Noticed Jessica
  2368 | D:3      | Killed Jessica
  2369 | D:3      | Reached skill level 1 in Fighting
  2373 | D:3      | Found a transporter.
  2373 | D:3      | Noticed Estrea's ghost (amateur MiGl)
  2385 | D:3      | Noticed Terence
  2888 | D:3      | Reached XP level 5. HP: 12/33 MP: 2/9
  3183 | D:3      | Found a transporter.
  3216 | D:3      | Killed Terence
  3249 | D:3      | Gained mutation: You are covered in fur. (AC +1) [potion of
                  | mutation]
  3249 | D:3      | Gained mutation: You possess an exceptional clarity of
                  | mind. [potion of mutation]
  3263 | D:3      | Slain by Ijyb

Illustrated notes

Levels and vault maps discovered:
D:1:      minmay_arrival_open_corners, layout_basic,
          hellmonk_ecumenical_altar_run_dry
D:2:      layout_basic, basic_altar, st_stairs_8, minmay_misc_feat_enclosed,
          hangedman_decor_clover_reticule
D:3:      layout_rooms, gammafunk_ghost_arena, minmay_misc_feat_hallway,
          uniq_jessica, uniq_ijyb, uniq_grinder, uniq_terence

Skill      XL: |  1  2  3  4 |
---------------+-------------+-----
Stealth        | 3 |  3.4
Unarmed Combat | 1 |  1.7
Fighting       | 1 |  1.3
Short Blades   | |  0.2
Long Blades    | |  0.3
Dodging        | |  2.5
Spellcasting   | |  2.9
Conjurations   | |  4.9
Translocations | |  0.6

Action                   |  1- 3 |  4- 6 || total
-------------------------+-------+-------++-------
Melee: Unarmed           |    16 |       ||    16
       Constrict         |     5 |     3 ||     8
       Short sword       |     5 |    14 ||    19
       Dagger            |     3 |       ||     3
       Tentacles         |     1 |     1 ||     2
       Punch             |       |     1 ||     1
       Falchion          |       |     9 ||     9
 Cast: Magic Dart        |    61 |    32 ||    93
       Iskenderun's Myst |       |     1 ||     1
       Searing Ray       |       |     2 ||     2
  Use: Scroll            |       |     2 ||     2
       Potion            |       |     3 ||     3
Armor: Skin              |     6 |       ||     6
Dodge: Dodged            |    18 |    21 ||    39
